AoeStats
← Fluvialgeomorphologist

Arena

503960538Analyzed
4v4 RM · 29d ago on Sep 3, 2026· 85m 24s· 8 players
Game mode
Random Map
Map size
Large (8 player)
Population
200
Speed
Normal
Resources
Standard
Victory
Conquest
Starting age
Dark Age
Ending age
Imperial Age
RankedLock teamsTeams togetherTeam positionsShared explorationLock speedFull tech treeHidden civsTurbo modeCheats
Victory
Defeat
🇮🇩 Persians · Indonesia
953
+14
🇦🇷 Khmer · Argentina
919
+15
🇻🇳 Franks · Vietnam
900
+16
🇹🇷 Spanish · Türkiye
857
+19
🇺🇸 Malians · United States
926
-17
🇺🇸 Tatars · United States
917
-16
🇺🇸 Vikings · United States
905
-16
🇻🇪 Teutons · Venezuela
876
-15
Formidable Bacon
11:52 Feudal Age
17:06 Castle Age
14:51 Loom
18:46 Double-Bit Axe
24:12 Scale Mail Armor
31:14 Horse Collar
34:17 Imperial Age
41:05 Elite Berserk
47:51 Chieftains
51:41 Onager
52:56 Man-at-Arms
53:44 Long Swordsman
54:49 Two-Handed Swordsman
55:43 Champion
56:09 Gambesons
56:25 Squires
56:11 Arson
60:14 Chain Mail Armor
66:37 Plate Mail Armor
66:18 Forging
78:44 Conscription
81:14 Caravan
Fluvialgeomorphologist
11:27 Feudal Age
9:43 Loom
12:38 Double-Bit Axe
13:53 Horse Collar
16:16 Castle Age
17:20 Heavy Plow
19:38 Stone Mining
21:36 Wheelbarrow
21:53 Bow Saw
25:24 Gold Mining
29:13 Imperial Age
28:53 Forging
28:49 Scale Barding Armor
29:20 Hand Cart
31:11 Iron Casting
30:57 Chain Barding Armor
31:27 Gold Shaft Mining
31:10 Farimba
31:25 Husbandry
31:35 Bloodlines
32:44 Elite Skirmisher
34:16 Plate Barding Armor
33:38 Light Cavalry
35:05 Thumb Ring
35:27 Ballistics
34:55 Town Watch
35:33 Fletching
35:44 Padded Archer Armor
36:14 Conscription
36:44 Stone Shaft Mining
36:28 Town Patrol
36:28 Bodkin Arrow
36:22 Heavy Camel Rider
36:40 Man-at-Arms
37:21 Squires
40:17 Leather Archer Armor
40:02 Scale Mail Armor
39:26 Cavalier
40:18 Capped Ram
41:07 Long Swordsman
42:53 Elite Gbeto
43:34 Tigui
45:12 Onager
49:07 Chain Mail Armor
57:46 Murder Holes
58:52 Chemistry
58:59 Two-Handed Swordsman
59:46 Champion
61:00 Caravan
Akoros
4:39 Loom
10:29 Feudal Age
11:01 Double-Bit Axe
11:00 Horse Collar
15:16 Forging
21:34 Castle Age
20:12 Gold Mining
20:13 Stone Mining
21:36 Town Watch
22:42 Bow Saw
23:51 Caravan
26:21 Scale Barding Armor
29:42 Husbandry
30:05 Chain Barding Armor
34:50 Imperial Age
35:41 Timurid Siegecraft
37:20 Plate Barding Armor
37:20 Iron Casting
39:52 Elite Keshik
43:06 Ballistics
43:19 Bloodlines
44:11 Blast Furnace
43:51 Murder Holes
43:55 Fletching
44:21 Masonry
45:17 Conscription
46:14 Bodkin Arrow
47:14 Gold Shaft Mining
48:33 Silk Armor
49:59 Elite Steppe Lancer
51:55 Bracer
52:46 Heavy Plow
57:11 Wheelbarrow
56:22 Town Watch
59:33 Block Printing
67:09 Guilds
73:08 Light Cavalry
75:16 Hussar
80:13 Pikeman
80:54 Squires
81:59 Scale Mail Armor
82:43 Hand Cart
Dryzar
5:30 Loom
8:52 Feudal Age
10:58 Gold Mining
10:59 Double-Bit Axe
10:56 Horse Collar
12:47 Fletching
17:19 Town Watch
28:42 Wheelbarrow
40:42 Castle Age
46:18 Bodkin Arrow
46:27 Town Patrol
46:45 Hand Cart
47:15 Forging
47:06 Scale Mail Armor
52:49 Imperial Age
53:02 Iron Casting
52:42 Chain Mail Armor
52:30 Heavy Plow
52:41 Bow Saw
53:15 Ballistics
54:09 Conscription
53:10 Elite Teutonic Knight
54:32 Squires
54:18 Arson
55:37 Blast Furnace
54:34 Capped Ram
56:33 Ironclad
57:31 Plate Mail Armor
58:06 Chemistry
58:48 Bombard Tower
60:15 Two-Man Saw
59:47 Crop Rotation
59:35 Gold Mining
59:39 Stone Mining
60:14 Caravan
62:23 Guilds
62:46 Coinage
62:48 Pikeman
63:38 Halberdier
66:16 Siege Engineers
68:08 Ironclad
70:19 Man-at-Arms
70:44 Gambesons
79:31 Bloodlines
78:45 Cavalier
79:33 Scale Barding Armor
81:49 Onager
nm18
9:04 Loom
10:50 Feudal Age
12:25 Double-Bit Axe
15:29 Castle Age
17:03 Bow Saw
20:59 Wheelbarrow
21:29 Town Watch
24:25 Stone Mining
24:27 Gold Mining
26:31 Murder Holes
29:10 Fletching
30:49 Hand Cart
32:01 Gold Shaft Mining
34:21 Imperial Age
33:39 Scale Mail Armor
33:50 Forging
34:53 #83
34:49 Chain Mail Armor
35:18 Pikeman
35:58 Squires
36:44 Halberdier
40:40 Plate Mail Armor
40:46 Iron Casting
41:03 Caravan
41:34 Coinage
43:07 Cavalier
43:47 Husbandry
43:09 Light Cavalry
44:34 Conscription
45:20 Town Patrol
46:21 Blast Furnace
45:27 Scale Barding Armor
46:01 Elite Throwing Axeman
47:40 Hoardings
47:02 Bodkin Arrow
47:29 Ballistics
49:52 Banking
51:00 Chain Barding Armor
50:11 Paladin
51:19 Chivalry
62:49 Chemistry
62:00 Masonry
62:27 Plate Barding Armor
67:03 Fortified Wall
67:23 Architecture
77:33 Arson
78:55 Siege Engineers
85:47 Gambesons
812
0:57 Loom
8:59 Feudal Age
10:15 Double-Bit Axe
13:46 Wheelbarrow
14:54 Fletching
30:24 Castle Age
31:47 Hand Cart
32:07 Bow Saw
31:46 Horse Collar
34:40 Heavy Plow
40:37 Gold Mining
45:42 Imperial Age
46:24 Fortified Wall
46:28 Masonry
46:14 Murder Holes
48:25 Bodkin Arrow
wascue
0:34 Loom
11:57 Feudal Age
12:21 Horse Collar
13:17 Wheelbarrow
12:33 Double-Bit Axe
17:05 Gold Mining
20:06 Castle Age
18:10 Stone Mining
21:01 Bow Saw
21:38 Heavy Plow
25:29 Stone Shaft Mining
32:11 Bloodlines
32:01 Husbandry
32:24 Hand Cart
38:39 Imperial Age
37:13 Pikeman
37:54 Squires
37:39 Gambesons
40:30 Two-Man Saw
40:56 Scale Barding Armor
41:01 Forging
42:25 Chemistry
42:06 Conscription
44:02 Chain Barding Armor
44:17 Iron Casting
43:04 Light Cavalry
44:51 Ballistics
44:41 Hussar
46:01 Plate Barding Armor
46:58 Blast Furnace
48:37 Scale Mail Armor
50:07 Chain Mail Armor
50:10 Masonry
49:56 Murder Holes
50:11 Fortified Wall
49:40 Halberdier
50:08 Arson
52:30 Plate Mail Armor
52:22 Elite Conquistador
54:25 Fletching
54:35 Padded Archer Armor
57:44 Leather Archer Armor
57:24 Bodkin Arrow
62:13 Caravan
62:19 Cavalier
64:20 Architecture
65:19 Paladin
66:43 Ring Archer Armor
66:08 Bodkin Arrow
67:59 Bracer
NAGA HITAM
2:28 Loom
10:10 Feudal Age
15:10 Castle Age
30:26 Scale Barding Armor
30:22 Scale Mail Armor
32:03 Chain Barding Armor
31:49 Horse Collar
31:56 Double-Bit Axe
35:05 Imperial Age
32:30 Pikeman
33:10 Squires
32:56 Arson
34:45 Halberdier
37:01 Elite War Elephant
42:04 Heavy Plow
42:17 Bow Saw
44:41 Chain Mail Armor
45:18 Plate Barding Armor
61:04 Plate Mail Armor
60:45 Forging
66:29 Sappers
66:41 Sappers
67:13 Kamandaran
68:41 Heavy Scorpion
Connection lost

Rejoining the realm…

Still unreachable

The connection could not be restored.

Session expired

The server has moved on; the page needs a fresh start.